 Dungeon Crawl Stone Soup version 0.29.0-4-gdea44cf6ec (webtiles) character file.

Game seed: 13216339365150340436

109 qw the Chopper (level 4, -3/28 HPs)
             Began as a Gargoyle Fighter on Sept 6, 2022.
             Slain by an orc warrior
             ... wielding a +0 short sword
              (5 damage)
             ... on level 3 of the Dungeon.
             The game lasted 00:01:00 (1814 turns).

qw the Chopper (Gargoyle Fighter)                   Turns: 1814, Time: 00:01:00

Health: -3/28      AC: 16    Str: 22    XL:     4   Next: 89%
Magic:  4/4        EV:  7    Int:  8    God:
Gold:   147        SH:  4    Dex:  9    Spells: 3/3 levels left

rFire   + . .      SeeInvis .   Y - +0 war axe
rCold   . . .      Faith    .   c - +0 buckler
rNeg    + . .      Spirit   .   m - +0 chain mail
rPois   inf        Reflect  .   k - +0 helmet
rElec   +          Harm     .   b - +1 cloak {Will+}
rCorr   +          Rampage  .   (no gloves)
Will    +....                   (no boots)
Stlth   ..........              (no amulet)
HPRegen 0.09/turn               h - ring of resist corrosion
MPRegen 0.09/turn               i - ring of protection from fire

@: about to teleport
A: sickness immunity, AC +3, negative energy resistance 1, electricity
resistance, torment resistance 1, petrification resistance
a: no special abilities


You were on level 3 of the Dungeon.
You visited 1 branch of the dungeon, and saw 3 of its levels.

You collected 147 gold pieces.


Innate Abilities, Weirdness & Mutations

You are immune to sickness and miasma.
Your stone body is resilient. (AC +3)
You are immune to poison.
You resist negative energy. (rN+)
You are resistant to electric shocks. (rElec)
You are resistant to unholy torment.
You are immune to petrification.


   Skills:
 - Level 3.2 Fighting
 + Level 4.4 Axes
 - Level 3.2 Armour
 - Level 3.2 Shields


You had 3 spell levels left.
You didn't know any spells.
Your spell library was empty.

Inventory:

Hand Weapons
 n - a +0 whip
 Y - a +0 war axe (weapon)
Missiles
 t - 2 boomerangs (quivered)
Armour
 b - a +1 cloak of willpower (worn)
 c - a +0 buckler (worn)
 k - a +0 helmet (worn)
 m - a +0 chain mail (worn)
Jewellery
 h - a ring of resist corrosion (left hand)
 i - a ring of protection from fire (right hand)
 l - a ring of fire
 p - a ring of positive energy
Scrolls
 a - 2 scrolls of fog
 f - a scroll of teleportation
 r - a scroll of silence {unknown}
Potions
 d - 2 potions of might
 e - 2 potions of invisibility {unknown}
 g - a potion of lignification {unknown}
 j - 2 potions of curing {unknown}
 o - a potion of brilliance {unknown}
 q - a potion of heal wounds {unknown}
 s - a potion of magic {unknown}

Dungeon Overview and Level Annotations

Branches:
Dungeon (3/15)

Altars:


Message History

The orc warrior hits you with a +0 short sword.
Something hits you.
The orc warrior hits you with a +0 short sword.
You closely miss the orc warrior. You miss something. You barely miss the orc.
The orc hits you with a +0 flail. The orc warrior barely misses you.
You block something's attack.
You hit the orc warrior but do no damage.
You hit something. You barely miss the orc. You block the orc's attack.
The orc warrior hits you with a +0 short sword.
Something hits you but does no damage.
You hit the orc warrior but do no damage.
You hit something.
Reactivating autopickup.
You feel a bit more experienced.
You closely miss the orc. The orc hits you with a +0 flail.
The orc warrior hits you but does no damage.
You slash the orc warrior!
The orc warrior is moderately wounded.
You barely miss the orc. The orc hits you but does no damage.
The orc warrior completely misses you.
An orc comes into view. It is wielding a +0 dagger.
The orc warrior hits you with a +0 short sword.
The orc hits you but does no damage.
1812 ||| READING 2 scrolls of teleportation.
As you read the scroll of teleportation, it crumbles to dust.
You feel strangely unstable.
The orc shouts!
The orc closely misses you. The orc warrior barely misses you.
You barely miss the orc warrior.
The orc warrior is moderately wounded.
You barely miss the orc. The orc hits you with a +0 flail.
The orc warrior hits you but does no damage.
You hit the orc warrior but do no damage.
The orc warrior is moderately wounded.
You hit the orc.
You kill the orc!
The orc warrior hits you with a +0 short sword.
You die...

.... #...# #.......#
### ##..# #.).....#
#####.## #.......# #
#...)..## #.......#
###.......###.......#
.................####
###.)............#
#.........<....#
#(...........)@#
###............oo#
.................#
.#####.#..........#
...###.#............
##..##.############o..
#......<..# .....
#.........# ....
#.........# ###


You could see an orc warrior and an orc.

Vanquished Creatures
  An orc wizard (D:3)
  A gnoll (D:1)
  2 adders
  2 worms (D:3)
  A dart slug (D:2)
  2 orcs (D:3)
  3 ball pythons
  3 endoplasms
  2 giant cockroaches
  3 goblins
  5 hobgoblins
  7 jackals
  6 kobolds
  2 quokkas
  2 bats
  3 frilled lizards
  5 rats
50 creatures vanquished.

Notes
Turn   | Place    | Note
-------+----------+-------------------------------------------
     0 | D:1      | qw the Gargoyle Fighter began the quest for the Orb.
     0 | D:1      | Reached XP level 1. HP: 14/14 MP: 1/1
     0 | D:1      | 0 ||| qw: Version: 0.1-a-108-g9e35731
     0 | D:1      | 0 ||| qw: Game counter: 6246
     0 | D:1      | 0 ||| qw: Always use a shield: true
     0 | D:1      | 0 ||| qw: God list: Okawaru
     0 | D:1      | 0 ||| qw: Allow faded altars: false
     0 | D:1      | 0 ||| qw: Do Orc after D:15 true
     0 | D:1      | 0 ||| qw: Do second Lair branch before Depths: true
     0 | D:1      | 0 ||| qw: Lair rune preference: random
     0 | D:1      | 0 ||| qw: Plans: Normal, Zot, God:TSO, Crypt, Tomb, Zig,
                  | Orb
     0 | D:1      | 0 ||| PLANNING D:1-11
    38 | D:1      | Noticed a floating eye
    49 | D:1      | Reached skill level 2 in Axes
    54 | D:1      | Noticed a great orb of eyes
    57 | D:1      | Found a faded altar of an unknown god.
    59 | D:1      | Noticed a golden eye
    59 | D:1      | Noticed a golden eye
   228 | D:1      | Reached XP level 2. HP: 16/19 MP: 2/2
   332 | D:1      | 332 ||| DROPPING +0 club.
   403 | D:1      | Reached skill level 3 in Axes
   461 | D:1      | Reached XP level 3. HP: 23/23 MP: 3/3
   615 | D:1      | 615 ||| UPGRADING to +0 helmet.
   620 | D:1      | 620 ||| UPGRADING to +0 chain mail.
   630 | D:1      | 630 ||| DROPPING +0 scale mail.
   631 | D:1      | 631 ||| DROPPING amulet of faith.
   632 | D:1      | 632 ||| UPGRADING to ring of resist corrosion.
   633 | D:1      | 633 ||| UPGRADING to ring of protection from fire.
   634 | D:1      | 634 ||| READING 2 scrolls labelled SULOYS YTIE.
   635 | D:1      | 635 ||| READING 2 scrolls labelled QIOQOM NAPAKE.
   640 | D:1      | 640 ||| READING scroll labelled ISUTOUSHANE.
   698 | D:2      | 698 ||| Stepping ~*~*~tactically~*~*~ (stealth).
   700 | D:2      | 700 ||| Stepping ~*~*~tactically~*~*~ (stealth).
   789 | D:2      | 789 ||| Stepping ~*~*~tactically~*~*~ (stealth).
   791 | D:2      | 791 ||| Stepping ~*~*~tactically~*~*~ (stealth).
   934 | D:2      | 934 ||| Stepping ~*~*~tactically~*~*~ (hiding).
  1081 | D:2      | Reached XP level 4. HP: 24/28 MP: 4/4
  1215 | D:2      | 1215 ||| Stepping ~*~*~tactically~*~*~ (stealth).
  1439 | D:2      | 1439 ||| UPGRADING to +1 cloak of willpower.
  1444 | D:2      | 1444 ||| READING scroll labelled YSCHOET JEKKU.
  1553 | D:3      | 1553 ||| Stepping ~*~*~tactically~*~*~ (stealth).
  1577 | D:3      | 1577 ||| Stepping ~*~*~tactically~*~*~ (stealth).
  1578 | D:3      | 1578 ||| Stepping ~*~*~tactically~*~*~ (stealth).
  1580 | D:3      | 1580 ||| Stepping ~*~*~tactically~*~*~ (stealth).
  1581 | D:3      | 1581 ||| Stepping ~*~*~tactically~*~*~ (stealth).
  1586 | D:3      | 1586 ||| Stepping ~*~*~tactically~*~*~ (stealth).
  1594 | D:3      | Reached skill level 4 in Axes
  1600 | D:3      | 1600 ||| Stepping ~*~*~tactically~*~*~ (stealth).
  1601 | D:3      | 1601 ||| Stepping ~*~*~tactically~*~*~ (stealth).
  1602 | D:3      | 1602 ||| Stepping ~*~*~tactically~*~*~ (stealth).
  1796 | D:3      | 1796 ||| Stepping ~*~*~tactically~*~*~ (hiding).
  1797 | D:3      | 1797 ||| Stepping ~*~*~tactically~*~*~ (hiding).
  1801 | D:3      | Noticed an orc warrior
  1805 | D:3      | 1805 ||| Stepping ~*~*~tactically~*~*~ (stealth).
  1811 | D:3      | HP: 5/28 [orc warrior/+0 short sword (4)]
  1812 | D:3      | 1812 ||| READING 2 scrolls of teleportation.
  1813 | D:3      | HP: 2/28 [orc/+0 flail (3)]
  1814 | D:3      | Slain by an orc warrior

Levels and vault maps discovered:
D:1:      dpeg_arrival_tiny_c, layout_basic,
          hellmonk_ecumenical_altar_watching_god, dk_noncrumbling_2
D:2:      layout_loops_cross, grunt_decor_mini_mirrors
D:3:      layout_rooms

Skill      XL: |  1  2  3  4 |
---------------+-------------+-----
Axes           | 2 3 4 |  4.4
Fighting       | |  3.2
Armour         | |  3.2
Shields        | |  3.2

Action                   |  1- 3 |  4- 6 || total
-------------------------+-------+-------++-------
Melee: War axe           |    67 |    63 ||   130
Throw: Boomerang         |       |     3 ||     3
  Use: Scroll            |     3 |     2 ||     5
Armor: Scale mail        |    10 |       ||    10
       Chain mail        |    31 |    37 ||    68
Dodge: Dodged            |    27 |    19 ||    46
Block: Buckler           |    10 |    13 ||    23

Table legend:
 A = Non-vault XP
 B = Vault XP
 C = Vault XP percentage of total XP
 D = Non-vault monster count
 E = Vault monster count
 F = Vault count percentage of total count
                 A         B        C        D         E       F
            +---------+---------+-------+---------+---------+-------
      Total |     159 |       0 |   0.0 |      50 |       0 |   0.0
            +---------+---------+-------+---------+---------+-------
        D:1 |      42 |       0 |   0.0 |      18 |       0 |   0.0
        D:2 |      45 |       0 |   0.0 |      19 |       0 |   0.0
        D:3 |      72 |       0 |   0.0 |      13 |       0 |   0.0
            +---------+---------+-------+---------+---------+-------
